Map: Tempio ghiacciato

Players

Jhyrachy

  • Race: Zerg Zerg
  • League: Gold

ELGAND - Winner!

  • Race: Terran Terran
  • League: Gold

VOD

Have the link to the VOD?

Description

Time

  • Played on: April 7, 2016, 8:57 a.m.
  • Length: 14:44
Show
View Real Time Build Order
Export as new Build Order

Jhyrachy Zerg 

Build Orders: Hatch First 

Get SALT Encoding   

  12  0:01  Drone  
  13  0:09  Drone  
  14  0:17  Overlord  
  14  0:35  Drone  
  14  0:36  Drone x2  
  17  0:57  Drone  
  17  0:59  Hatchery  
  17  1:07  Extractor  
  17  1:08  Drone  
  17  1:17  Spawning Pool  
  16  1:35  Drone x3  
  19  1:47  Overlord  
  19  2:01  Drone  
  19  2:06  Queen  
  22  2:11  Zergling x2, Metabolic Boost  
  23  2:18  Queen  
  23  2:20  Drone x2  
  27  2:37  Drone x2  
  27  2:38  Drone  
  30  2:49  Zergling x2  
  31  3:37  Drone x4  
  31  3:38  Drone  
  31  3:39  Overlord x2  
  35  3:58  Roach Warren  
  35  4:01  Drone x2  
  35  4:02  Drone  
  37  4:03  Zergling x6  
  37  4:09  Spine Crawler  
  40  4:17  Drone, Overlord  
  38  4:49  Queen  
  32  5:12  Drone x4  
  32  5:13  Drone x2  
  38  5:19  Drone x2, Extractor  
  38  5:20  Drone  
  38  5:21  Overlord  
  40  5:36  Hatchery  
  40  5:40  Overlord  
  40  5:41  Overlord  
  39  5:47  Lair  
  39  6:02  Extractor  
  38  6:06  Evolution Chamber  
  37  6:11  Evolution Chamber  
  36  6:30  Drone x5  
  41  6:38  Zerg Ground Armor Level 1, Zerg Missile Weapons Level 1  
  41  6:41  Roach  
  41  6:42  Roach x9  
  41  6:45  Spore Crawler  
  60  6:49  Spore Crawler  
  60  6:53  Queen  
  61  7:09  Overlord x3  
  61  7:11  Roach  
  61  7:12  Roach x5  
  73  7:23  Glial Reconstitution  
  73  7:28  Pneumatized Carapace  
  73  7:29  Hatchery  
  72  7:40  Overseer  
  72  7:41  Overseer  
  72  7:49  Queen  
  74  7:51  Drone  
  74  7:52  Drone x8  
  83  8:04  Overlord x3  
  83  8:09  Roach  
  83  8:10  Roach x6  
  97  8:13  Spore Crawler  
  94  8:54  Zerg Missile Weapons Level 2, Zerg Ground Armor Level 2  
  94  9:02  Roach x5  
  110  9:03  Roach x7  
  118  9:20  Drone x2  
  118  9:21  Drone x2  
  122  9:28  Extractor  
  121  9:39  Queen  
  123  9:46  Drone x4  
  123  9:47  Overlord x2  
  123  9:48  Overlord x3  
  127  9:58  Spire  
  118  10:34  Roach x8  
  118  10:35  Roach x18  
  156  10:49  Ravager x2  
  134  11:28  Ravager x2  
  130  11:56  Ravager  
  130  11:57  Ravager x7  
  64  12:48  Ravager x7  
  36  13:20  Queen x2  
  36  13:21  Queen  
  36  13:22  Queen  
  36  13:23  Corruptor  
  36  13:24  Corruptor  
  45  13:56  Overseer x2  
  37  14:13  Ravager  
Show
View Real Time Build Order
Export as new Build Order

ELGAND Terran - Winner!

Build Orders: Reaper Expand, Mech 

Get SALT Encoding   

  12  0:01  SCV  
  13  0:13  SCV  
  14  0:23  Supply Depot  
  14  0:25  SCV  
  15  0:45  SCV  
  15  0:47  Barracks  
  15  0:49  Refinery  
  16  0:58  SCV  
  17  1:13  SCV  
  18  1:25  SCV  
  19  1:39  Reaper  
  20  1:41  Command Center  
  20  1:42  Orbital Command  
  20  1:59  Refinery  
  20  2:10  Factory  
  20  2:20  SCV  
  21  2:30  Barracks Reactor  
  21  2:32  SCV  
  22  2:44  SCV  
  23  2:53  Supply Depot  
  23  2:56  Orbital Command  
  23  3:01  Supply Depot  
  22  3:08  Starport  
  22  3:19  Barracks Tech Lab  
  22  3:22  Hellion x2  
  22  3:26  SCV x2  
  26  3:38  SCV x2  
  28  3:51  Hellion x2  
  32  3:58  SCV x2  
  34  4:03  Bunker  
  34  4:10  SCV, Factory  
  34  4:11  Barracks Tech Lab, SCV  
  36  4:17  Widow Mine x2  
  36  4:22  SCV  
  36  4:23  SCV  
  42  4:34  SCV  
  37  5:13  Banshee  
  38  5:14  Cloaking Field  
  38  5:17  Starport  
  38  5:19  Siege Tank  
  38  5:20  Widow Mine  
  38  5:21  Widow Mine  
  43  5:25  Supply Depot  
  45  5:40  Infernal Pre-Igniter  
  45  5:45  Armory, Engineering Bay  
  45  5:46  SCV x2  
  47  5:51  Refinery  
  47  5:53  Refinery  
  47  5:58  SCV x2  
  49  6:04  Command Center  
  49  6:10  SCV  
  50  6:12  Supply Depot  
  50  6:21  Factory  
  50  6:23  Banshee  
  50  6:25  Barracks Tech Lab  
  53  6:27  SCV x2  
  55  6:36  Supply Depot  
  55  6:39  SCV x2  
  57  6:42  Missile Turret  
  57  6:50  Terran Vehicle Weapons Level 1  
  57  6:51  SCV x2  
  57  6:52  Missile Turret  
  59  7:00  Starport Reactor  
  59  7:02  Siege Tank, Missile Turret, Drilling Claws  
  62  7:12  SCV x2  
  62  7:14  Missile Turret  
  64  7:16  Orbital Command, Barracks Reactor  
  64  7:18  Refinery  
  64  7:24  SCV x2  
  64  7:25  Siege Tank  
  69  7:36  SCV  
  70  7:44  SCV x2  
  70  7:48  Liberator x2, SCV  
  73  7:55  Siege Tank  
  73  7:56  SCV x2  
  81  8:00  SCV  
  81  8:05  Factory  
  82  8:34  Banshee  
  82  8:49  Terran Vehicle Weapons Level 2  
  82  8:53  Widow Mine, Armory  
  82  8:54  Widow Mine  
  86  9:07  SCV x3  
  86  9:08  Refinery  
  89  9:15  Supply Depot  
  89  9:17  Banshee, Supply Depot  
  89  9:19  SCV  
  89  9:20  Liberator x2  
  93  9:37  SCV x2  
  101  9:38  Widow Mine x2  
  101  9:39  Siege Tank  
  108  9:51  Command Center  
  108  10:25  Widow Mine  
  108  10:29  Siege Tank  
  109  11:02  Widow Mine x5, Viking x3  
  116  11:27  Orbital Command  
  116  11:31  Widow Mine x4  
  124  11:33  Supply Depot  
  124  11:34  Terran Ship Weapons Level 1, Refinery  
  124  11:35  Terran Vehicle And Ship Armor Level 1  
  124  11:38  Supply Depot  
  124  11:40  Supply Depot  
  124  11:44  Banshee  
  124  11:45  Viking  
  124  11:46  Hellion  
  112  12:27  Banshee  
  99  12:54  Widow Mine x5  
  98  13:22  Widow Mine, Liberator x2  
  98  13:23  Widow Mine x3  
  103  13:41  Banshee  
  109  13:46  Widow Mine x2  
  116  13:51  Widow Mine x4  
  122  13:57  Refinery  
Tags
 
Add a new tag
Caveats
  • Supply blocks, unpowered buildings, or Contaminate may cause inaccurate times.
  • Supply counts are checked every 10 seconds.